cohdb
Replays
Latest Replays
All Replays
Popular Replays
Top Player Replays
Match Explorer
How It Works
Community
CoH3 Stats
Reddit
Sign in to upload your games and track your stats! →
Sign in with Steam
Match 45281859
Unlisted
Match 45281859
Overview
Messages
Build Orders
End
Construct Weapon Support Center
Scout Squad
Scout Squad
Selects Armored Battlegroup
Selects Veteran Crews
M1919 Machine Gun Team
Construct Medical Station
Scout Squad
Scout Squad
Selects M31 Recovery Vehicle
M31 Recovery Vehicle
M1919 Machine Gun Team
Construct Barracks
Sniper
Scout Squad
Scout Squad
Infantry Support Center
Scout Squad
Grenade Package
Construct Tank Depot
1⁄4-ton 4x4 Truck
M4A1 Sherman Medium Tank
Scout Squad
Scout Squad
Scout Squad
Scout Squad
Selects Strength in Steel
Selects Seek and Destroy
Selects UNKNOWN (2160077)
Seek and Destroy
M4A3E8 Sherman Easy Eight
Scout Squad
pleomax
JohnStamos530
Archangel_Grimm
jey
Torpex(AFO)
Hellfire
Kim Jong Poon
smallkuakua
0
0
Comments
sign in to comment!
No comments posted yet!